 Dungeon Crawl Stone Soup version 0.21.1-1-g345015fe64 (webtiles) character file.

623 RepoMan the Conjurer (level 7, 50/50 HPs)
             Began as a Purple Draconian Wizard on June 23, 2018.
             Got out of the dungeon alive.
             The game lasted 00:36:59 (6303 turns).

RepoMan the Conjurer (Purple Draconian Wizard)      Turns: 6303, Time: 00:37:01

Health: 50/50      AC:  6    Str:  9    XL:     7   Next: 22%
Magic:  14/14      EV: 12    Int: 20    God:
Gold:   353        SH:  4    Dex: 10    Spells: 8/16 levels left

rFire    . . .     SeeInvis +   g - +1 hand axe
rCold    . . .     Gourm    .   k - +0 buckler
rNeg     . . .     Faith    +   (armour unavailable)
rPois    .         Spirit   .   a - +0 hat
rElec    .         Reflect  .   (no cloak)
rCorr    .         Harm     .   (no gloves)
MR       +....                  (no boots)
Stlth    ++........             v - amulet of faith
HPRegen  0.16/turn              n - ring of see invisible
MPRegen  0.14/turn              (no ring)

@: no status effects
A: breathe power, unfitting armour, cold-blooded, AC +6
a: Breathe Dispelling Energy


You escaped.
You were hungry.

You visited 1 branch of the dungeon, and saw 5 of its levels.

You collected 353 gold pieces.

Inventory:

Hand Weapons
 g - a +1 hand axe (weapon)
Missiles
 f - 13 poisoned needles
Armour
 a - a +0 hat (worn)
 k - a +0 buckler (worn)
Jewellery
 n - a ring of see invisible (left hand)
 v - an amulet of faith (around neck)
Wands
 r - a wand of flame (29)
 x - a wand of digging (16)
Scrolls
 i - a scroll of identify
 l - a scroll of blinking
 t - a scroll of enchant weapon
Potions
 d - a potion of agility
 e - 2 potions of magic
 h - a potion of brilliance
 j - 2 potions of lignification
 m - a potion of flight
 o - 2 potions of curing {unknown}
 p - a potion of invisibility {unknown}
 q - a potion of cancellation {unknown}
 u - a potion of haste
Books
 b - a book of Minor Magic

   Spells                             Type                      Level
   a - Magic Dart                     Conjuration                  1
   b - Blink                          Translocation                2
   c - Call Imp                       Summoning                    2
   d - Slow                           Hexes                        2
   e - Conjure Flame                  Conjuration/Fire             3
   f - Mephitic Cloud                 Conjuration/Poison/Air       3
Comestibles
 c - 2 rations


   Skills:
 - Level 1.7 Dodging
 - Level 1.7 Stealth
 + Level 2.8 Shields
 + Level 5.1 Spellcasting
 * Level 6.4 Conjurations
 - Level 1.0 Summonings
 - Level 1.0 Translocations


You had 8 spell levels left.
You knew the following spells:

 Your Spells              Type           Power        Failure   Level  Hunger
a - Magic Dart            Conj           ####         1%          1    None
b - Blink                 Tloc           N/A          13%         2    None
c - Call Imp              Summ           #.......     13%         2    None
m - Mephitic Cloud        Conj/Pois/Air  ##......     16%         3    ##.....


Dungeon Overview and Level Annotations

Branches:
Dungeon (5/15)
 Temple: D:4-7

Altars:
Ru
Trog
Xom

Annotations:
D:3 PikkenKukken's ghost, amateur DsAK; Sigmund
D:5 Eustachio; Hercules1031's ghost, novice HOMo


Innate Abilities, Weirdness & Mutations

You can breathe bolts of dispelling energy.
Your rich purple scales are hard. (AC +6)
You cannot fit into any form of body armour.
You are cold-blooded and may be slowed by cold attacks.


Message History

PikkenKukken's ghost says regretfully, "I wish I had corrupted all of this!"
PikkenKukken's ghost hits you.
Found 19 arrows.
All of the chunks of flesh in your inventory have rotted away.
You have got your breath back.
You see here a dagger.
There is a stone staircase leading up here.
PikkenKukken's ghost hits you.
You climb upwards.
There is a stone staircase leading down, spattered with blood here.
(D) Dungeon
Where to? (Enter - D:1, ? - help)
What level of the Dungeon? (default 1, ? - help)
There is a stone staircase leading up here.
You climb upwards.
There is a stone staircase leading down here.
HP restored.
There is a staircase leading out of the dungeon here.
Are you sure you want to leave the Dungeon?
This will make you lose the game!
You have escaped!

#.......###################
#.......##..#..#.##...##...
###########..##..#.##....#.
#..##.#.#...#....#
#####.###.#.......
####.#...#..#...#.
#..######.#...#..#
#.#...#.##.#...#..
#@###..##.##...)..
###.###.#.#..#...#
##.#.###.##.#.#..#
#.##...#.#..#..##.
#..####.##..#..##.
#.#..#..#.#..#..#.
#..###.##.##...#.#
#.#.##...##..#...#
##################


There were no monsters in sight!

Vanquished Creatures
  Blork the orc (D:4)
  A scorpion (D:5)
  A crimson imp (D:4)
  A hound (D:5)
  4 orc wizards
  5 worker ants
  A hound skeleton (D:4)
  3 gnolls
  2 adders (D:2)
  2 worms
  5 dart slugs
  A leopard gecko (D:5)
  10 orcs
  2 giant cockroaches
  9 goblins
  8 hobgoblins
  3 jackals (D:1)
  2 quokkas
  4 ball pythons
  4 bats
  3 frilled lizards
  7 kobolds
  A leopard gecko skeleton (D:4)
  A quokka skeleton (D:4)
  8 rats
89 creatures vanquished.

Vanquished Creatures (collateral kills)
  An ogre (D:4)
  An orc wizard (D:4)
  2 adders
  A worm (D:2)
  A dart slug (D:3)
  An orc (D:4)
7 creatures vanquished.

Grand Total: 96 creatures vanquished

Notes
Turn   | Place    | Note
-------+----------+-------------------------------------------
     0 | D:1      | RepoMan the Draconian Wizard began the quest for the Orb.
     0 | D:1      | Reached XP level 1. HP: 14/14 MP: 4/4
    83 | D:1      | Noticed an ogre
    83 | D:1      | Noticed an ogre
    83 | D:1      | Noticed an ogre
    83 | D:1      | Noticed an ogre
   567 | D:1      | Reached XP level 2. HP: 18/20 MP: 0/6
   572 | D:1      | Learned a level 2 spell: Blink
   575 | D:1      | Learned a level 2 spell: Call Imp
   679 | D:1      | Reached skill level 2 in Conjurations
  1210 | D:1      | Reached XP level 3. HP: 26/26 MP: 2/7
  1262 | D:1      | Learned a level 3 spell: Mephitic Cloud
  1591 | D:1      | Reached skill level 3 in Conjurations
  2150 | D:2      | Reached XP level 4. HP: 28/33 MP: 1/8
  2725 | D:3      | Reached skill level 4 in Conjurations
  3306 | D:3      | Noticed PikkenKukken's ghost (amateur DsAK)
  3313 | D:3      | Noticed Sigmund
  3625 | D:4      | Found a bloodstained altar of Trog.
  3652 | D:4      | Reached XP level 5. HP: 21/38 MP: 0/9
  3746 | D:4      | Reached skill level 5 in Conjurations
  4006 | D:4      | Reached skill level 1 in Shields
  4022 | D:4      | Noticed Blork the orc
  4061 | D:4      | Killed Blork the orc
  4061 | D:4      | Reached XP level 6. HP: 35/45 MP: 0/11
  4229 | D:4      | Found a sacrificial altar of Ru.
  5486 | D:5      | Entered Level 5 of the Dungeon
  5658 | D:5      | Reached skill level 6 in Conjurations
  5670 | D:5      | Noticed Eustachio
  5671 | D:5      | Found a shimmering altar of Xom.
  5860 | D:5      | Noticed Hercules1031's ghost (novice HOMo)
  5891 | D:5      | Your scales start taking on a rich purple colour.
  5891 | D:5      | Reached XP level 7. HP: 50/50 MP: 3/14
  5964 | D:5      | Reached skill level 5 in Spellcasting
  6303 | D:$      | Got out of the dungeon alive.

Skill      XL: |  1  2  3  4  5  6  7 |
---------------+----------------------+-----
Conjurations   | 2 3 4 5 6 |  6.4
Shields        | 1 2 |  2.8
Spellcasting   | 4 5 |  5.1
Dodging        | |  1.7
Stealth        | |  1.7
Summonings     | |  1.0
Translocations | |  1.0

Action                   |  1- 3 |  4- 6 |  7- 9 || total
-------------------------+-------+-------+-------++-------
Melee: Unarmed           |    13 |       |       ||    13
       Tailslap          |     4 |     7 |     3 ||    14
       Hand axe          |    15 |    90 |     8 ||   113
 Cast: Magic Dart        |    92 |   130 |    24 ||   246
       Call Imp          |     1 |    25 |       ||    26
       Mephitic Cloud    |     1 |     9 |       ||    10
 Abil: Breathe Dispellin |       |       |     3 ||     3
  Use: Potion            |       |     3 |       ||     3
       Scroll            |       |     8 |       ||     8
 Stab: Distracted        |       |     1 |       ||     1
  Eat: Chunk             |     3 |    11 |     1 ||    15
       Ration            |       |     1 |       ||     1
Armor: Skin              |    12 |    19 |     6 ||    37
Dodge: Dodged            |    32 |    78 |    10 ||   120
Block: Buckler           |       |     8 |     5 ||    13
